cohdb
Replays
Latest Replays
All Replays
Popular Replays
Top Player Replays
Match Explorer
How It Works
Community
CoH3 Stats
Reddit
Sign in to upload your games and track your stats! →
Sign in with Steam
Match 44264361
Unlisted
Match 44264361
Overview
Messages
Build Orders
End
Scout Squad
Construct Weapon Support Center
Selects Armored Battlegroup
Selects Veteran Crews
M1919 Machine Gun Team
Engineer Squad
M1919 Machine Gun Team
M1919 Machine Gun Team
Infantry Support Center
Selects Fast Deploy
M3 Armored Personnel Carrier
M3 Armored Personnel Carrier
Construct Medical Station
M1919 Machine Gun Team
Selects M8 Scott SPG
M3 Armored Personnel Carrier
Bazooka Squad
小芙丽娅
Barbarossa
0
0
Comments
sign in to comment!
No comments posted yet!